Loups vs Manchots (R1)

Created - 31 octobre 2012 at 22:07

Simulating a Pre-Season

Goals
1 2 3 OT1 T
Loups 2 1 1 0 4
Manchots 2 0 2 1 5
Shots
1 2 3 OT1 T
Loups 14 6 6 1 27
Manchots 14 11 10 1 36

1st period

1. Loups , Joel Ward 2 (Benn Ferriero, Sheldon Brookbank) at 1:52
2. Loups , Nigel Dawes 2 (Darroll Powe, Garnet Exelby) at 3:49
3. Manchots , Alexander Radulov 2 (Martin Hanzal, Hal Gill) at 6:17
4. Manchots , Martin Hanzal 2 (Alexander Radulov) at 14:06

Penalties :
No Penalty

2nd period

5. Loups , Darroll Powe 1 (Zbynek Michalek, Jakub Voracek) at 16:29 (PP)

Penalties :
Eric Tangradi (Out) for Diving (Minor) at 3:53, Mike Weaver (Tou) for Tripping (Minor) at 6:53, Pernell Karl Subban (Out) for Hooking (Minor) at 16:17

3rd period

6. Manchots , Alexander Radulov 3 (Martin Hanzal) at 5:38
7. Manchots , Alexander Radulov 4 (Martin Hanzal, Bryan Allen) at 12:02 (PP)
8. Loups , Jarret Stoll 1 (Jack Skille) at 14:16

Penalties :
Logan Couture (Out) for Interference (Minor) at 2:42, Matt Corrente (Out) for Interference (Minor) at 3:16, Eric Tangradi (Out) for Roughing (Minor) at 6:52, Sheldon Brookbank (Tou) for Roughing (Minor) at 11:48, Benn Ferriero (Tou) for Hooking (Minor) at 12:51, Pernell Karl Subban (Out) for Hooking (Minor) at 14:07, Nigel Dawes (Tou) for Interference (Minor) at 17:49

Overtime #1

9. Manchots , Cal Clutterbuck 1 (Ben Eager) at 1:19

Penalties :
No Penalty

Goalie Stats

Michael Leighton (Tou), 31 saves from 36 shots - (0,861), OTL, 0-0-1, 61:19 minutes
Ondrej Pavelec (Out), 23 saves from 27 shots - (0,852), W, 1-1-0, 61:19 minutes

Players Stats for Loups

Player Name              G  A  P  +/- PIM S  H  SB GA TA FO     MP     PP MP  PK MP  
------------------------------------------------------------------------------------
Aaron Rome               0  0  0  -1  0   0  1  3  0  1  0/0    17:30   0:00   2:16 
Benn Ferriero            0  1  1  -1  2   0  2  0  0  0  3/4    12:05   0:04   1:14 
Cody Almond              0  0  0   0  0   0  0  0  0  0  2/4     7:06   0:00   0:00 
Darroll Powe             1  1  2   0  0   2  2  1  0  1  21/31  23:17   4:40   3:24 
Eric Godard              0  0  0   0  0   1  0  1  0  0  0/0     7:48   0:00   0:41 
Garnet Exelby            0  1  1  -1  0   1  3  1  1  0  0/0    21:01   3:35   2:02 
Jack Skille              0  1  1   0  0   2  1  1  0  0  1/2    17:54   3:19   0:00 
Jakub Voracek            0  1  1   1  0   2  0  0  0  0  0/0    18:58   4:40   0:00 
Jarret Stoll             1  0  1   0  0   4  3  0  0  1  10/22  19:21   3:19   1:26 
Jesse Joensuu            0  0  0  -1  0   1  0  0  0  1  0/0    10:47   0:00   0:00 
Joel Ward                1  0  1  -1  0   4  0  0  0  0  0/0    10:57   0:00   0:00 
Mike Weaver              0  0  0   0  2   0  1  0  0  0  0/0    13:47   3:35   0:00 
Nigel Dawes              1  0  1   0  2   2  3  1  2  0  4/4    22:21   4:40   2:19 
Scott Lehman             0  0  0   0  0   1  0  0  0  1  0/0    10:02   0:00   0:00 
Sheldon Brookbank        0  1  1   0  2   2  1  4  0  0  0/0    30:01   4:24   3:12 
Steve Kariya             0  0  0   0  0   2  0  0  0  0  0/0     8:21   0:00   1:15 
Troy Brouwer             0  0  0  -1  0   2  1  0  1  0  0/2    17:29   3:15   0:37 
Zbynek Michalek          0  1  1   0  0   1  3  1  0  0  0/0    30:16   4:24   3:26 

Players Stats for Manchots

Player Name              G  A  P  +/- PIM S  H  SB GA TA FO     MP     PP MP  PK MP  
------------------------------------------------------------------------------------
Alexander Radulov        3  1  4   1  0   9  2  1  0  1  0/2    19:59   3:11   0:09 
Andrew Murray            0  0  0  -1  0   1  0  1  1  1  3/10   12:05   0:20   4:51 
Ben Eager                0  1  1   1  0   1  1  0  0  0  1/1    14:36   0:13   3:58 
Bobby Butler             0  0  0   0  0   2  4  0  1  0  0/1    15:38   2:04   0:00 
Bryan Allen              0  1  1  -2  0   0  0  1  1  1  0/0    24:03   3:34   3:29 
Cal Clutterbuck          1  0  1   1  0   3  1  0  1  0  0/0    12:51   0:13   1:15 
Eric Tangradi            0  0  0  -1  4   1  0  0  0  0  0/0     6:51   0:00   0:00 
Hal Gill                 0  1  1   1  0   3  2  0  0  0  0/0    22:10   0:00   4:52 
Jamie Benn               0  0  0   2  0   0  1  0  0  0  1/1    19:05   3:11   0:28 
Kris Russell             0  0  0   2  0   2  0  1  0  1  0/0    15:06   0:00   0:35 
Logan Couture            0  0  0   0  2   3  0  0  0  0  6/13   13:48   0:00   0:28 
Martin Hanzal            1  3  4   1  0   5  2  1  0  0  14/34  19:46   3:04   0:09 
Matt Corrente            0  0  0   2  2   1  1  1  0  0  0/0    18:22   1:54   2:31 
Pernell Karl Subban      0  0  0   1  4   0  3  1  0  0  0/0    21:57   3:33   0:00 
Petr Sykora              0  0  0   0  0   3  2  0  1  0  0/0    17:08   2:04   1:46 
Spencer Machacek         0  0  0  -1  0   0  1  0  0  0  0/1     6:27   0:00   0:00 
Stanislav Neckar         0  0  0  -2  0   1  0  4  0  0  0/0    21:07   1:54   4:30 
Tyler Kennedy            0  0  0   0  0   1  1  0  0  0  3/6    14:04   2:04   1:29 

3 Stars

1 - Alexander Radulov (Out)
2 - Martin Hanzal (Out)
3 - Darroll Powe (Tou)

Power Play

Loups - 1 on 6 Attempt(s) - 16,67%
Manchots - 1 on 4 Attempt(s) - 25,00%

Penalty Kill

Loups - 3 on 4 Attempt(s) - 75,00% - Score 0 goal in Penalty Kill
Manchots - 5 on 6 Attempt(s) - 83,33% - Score 0 goal in Penalty Kill

Official

Referees : Hebert Ghislain and VanMassenhoven Don
Linesman : Bryan Pancich and Tony Sericolo

Game Notes

Alexander Radulov has scored a Hat Trick!

Loups

5 vs 5 Forward 
   Center                   Left Wing                Right Wing               Time % Phy DF OF 
 1 Darroll Powe             Nigel Dawes              Jakub Voracek            34     1   2  2  
 2 Jarret Stoll             Troy Brouwer             Jack Skille              34     1   2  2  
 3 Benn Ferriero            Jesse Joensuu            Joel Ward                22     1   2  2  
 4 Cody Almond              Steve Kariya             Eric Godard              10     1   2  2  

5 vs 5 Defense 
   Defense                  Defense                                           Time % Phy DF OF 
 1 Zbynek Michalek          Sheldon Brookbank                                 40     1   2  2  
 2 Aaron Rome               Garnet Exelby                                     30     1   2  2  
 3 Mike Weaver              Scott Lehman                                      20     1   2  2  
 4 Zbynek Michalek          Sheldon Brookbank                                 10     1   2  2  

PowerPlay Forward 
   Center                   Left Wing                Right Wing               Time % Phy DF OF 
 1 Darroll Powe             Nigel Dawes              Jakub Voracek            60     1   1  3  
 2 Jarret Stoll             Troy Brouwer             Jack Skille              40     1   1  3  

PowerPlay Defense
   Defense                  Defense                                           Time % Phy DF OF 
 1 Zbynek Michalek          Sheldon Brookbank                                 60     1   1  3  
 2 Mike Weaver              Garnet Exelby                                     40     1   1  3  

Penalty Kill 4 Players Forward 
   Center                   Wing                     Time % Phy DF OF 
 1 Darroll Powe             Nigel Dawes              60     1   2  2  
 2 Jarret Stoll             Eric Godard              40     1   2  2  

Penalty Kill 4 Players Defense
   Defense                  Defense                  Time % Phy DF OF 
 1 Zbynek Michalek          Sheldon Brookbank        60     1   2  2  
 2 Aaron Rome               Garnet Exelby            40     1   2  2  

Penalty Kill - 3 Players Forward 
   Forward                                           Time % Phy DF OF 
 1 Darroll Powe                                      60     1   2  2  
 2 Nigel Dawes                                       40     1   2  2  

Penalty Kill - 3 Players Defense
   Defense                  Defense                  Time % Phy DF OF 
 1 Zbynek Michalek          Sheldon Brookbank        60     1   2  2  
 2 Aaron Rome               Garnet Exelby            40     1   2  2  

4 vs 4 Forward 
   Center                   Wing                     Time % Phy DF OF 
 1 Darroll Powe             Nigel Dawes              50     1   2  2  
 2 Jarret Stoll             Jack Skille              50     1   2  2  

4 vs 4 Defense
   Defense                  Defense                  Time % Phy DF OF 
 1 Zbynek Michalek          Sheldon Brookbank        60     1   2  2  
 2 Aaron Rome               Garnet Exelby            40     1   2  2  

Last Minutes Offensive
   Center                   Left Wing                Right Wing               Defense                  Defense                  
   Darroll Powe             Nigel Dawes              Eric Godard              Zbynek Michalek          Sheldon Brookbank        

Last Minutes Defensive
   Center                   Left Wing                Right Wing               Defense                  Defense                  
   Darroll Powe             Nigel Dawes              Eric Godard              Zbynek Michalek          Sheldon Brookbank        

Goaltenders
Starting : Michael Leighton         
Backup : Dany Sabourin            

Extra Forwards
Normal : Joel Ward, Jakub Voracek, Benn Ferriero - PP : Joel Ward, Jack Skille - PK : Benn Ferriero
Extra Defensemen
Normal : Mike Weaver, Aaron Rome, Sheldon Brookbank - PP : Mike Weaver - PK : Aaron Rome, Sheldon Brookbank
Penalty Shots
Eric Godard, Nigel Dawes, Darroll Powe, Jarret Stoll, Jack Skille

Manchots

5 vs 5 Forward 
   Center                   Left Wing                Right Wing               Time % Phy DF OF 
 1 Martin Hanzal            Jamie Benn               Alexander Radulov        40     0   1  4  
 2 Logan Couture            Bobby Butler             Petr Sykora              30     0   1  4  
 3 Tyler Kennedy            Ben Eager                Cal Clutterbuck          20     0   1  4  
 4 Andrew Murray            Eric Tangradi            Spencer Machacek         10     1   1  3  

5 vs 5 Defense 
   Defense                  Defense                                           Time % Phy DF OF 
 1 Hal Gill                 Pernell Karl Subban                               40     1   1  3  
 2 Bryan Allen              Stanislav Neckar                                  30     1   2  2  
 3 Kris Russell             Matt Corrente                                     20     1   2  2  
 4 Bryan Allen              Pernell Karl Subban                               10     0   1  4  

PowerPlay Forward 
   Center                   Left Wing                Right Wing               Time % Phy DF OF 
 1 Martin Hanzal            Jamie Benn               Alexander Radulov        60     1   0  4  
 2 Tyler Kennedy            Bobby Butler             Petr Sykora              40     1   1  3  

PowerPlay Defense
   Defense                  Defense                                           Time % Phy DF OF 
 1 Bryan Allen              Pernell Karl Subban                               60     1   1  3  
 2 Matt Corrente            Stanislav Neckar                                  40     1   1  3  

Penalty Kill 4 Players Forward 
   Center                   Wing                     Time % Phy DF OF 
 1 Andrew Murray            Ben Eager                60     1   2  2  
 2 Tyler Kennedy            Petr Sykora              40     1   2  2  

Penalty Kill 4 Players Defense
   Defense                  Defense                  Time % Phy DF OF 
 1 Hal Gill                 Stanislav Neckar         60     1   2  2  
 2 Bryan Allen              Matt Corrente            40     1   2  2  

Penalty Kill - 3 Players Forward 
   Forward                                           Time % Phy DF OF 
 1 Andrew Murray                                     60     1   2  2  
 2 Petr Sykora                                       40     1   2  2  

Penalty Kill - 3 Players Defense
   Defense                  Defense                  Time % Phy DF OF 
 1 Bryan Allen              Hal Gill                 60     1   2  2  
 2 Stanislav Neckar         Kris Russell             40     1   2  2  

4 vs 4 Forward 
   Center                   Wing                     Time % Phy DF OF 
 1 Martin Hanzal            Alexander Radulov        60     1   1  3  
 2 Tyler Kennedy            Bobby Butler             40     1   1  3  

4 vs 4 Defense
   Defense                  Defense                  Time % Phy DF OF 
 1 Pernell Karl Subban      Stanislav Neckar         60     1   1  3  
 2 Hal Gill                 Kris Russell             40     1   1  3  

Last Minutes Offensive
   Center                   Left Wing                Right Wing               Defense                  Defense                  
   Martin Hanzal            Bobby Butler             Alexander Radulov        Bryan Allen              Pernell Karl Subban      

Last Minutes Defensive
   Center                   Left Wing                Right Wing               Defense                  Defense                  
   Martin Hanzal            Ben Eager                Petr Sykora              Bryan Allen              Hal Gill                 

Goaltenders
Starting : Ondrej Pavelec           
Backup : Manny Fernandez          

Extra Forwards
Normal : Martin Hanzal, Tyler Kennedy, Cal Clutterbuck - PP : Martin Hanzal, Tyler Kennedy - PK : Cal Clutterbuck
Extra Defensemen
Normal : Kris Russell, Matt Corrente, Pernell Karl Subban - PP : Kris Russell - PK : Matt Corrente, Hal Gill
Penalty Shots
Petr Sykora, Bobby Butler, Andrew Murray, Alexander Radulov, Martin Hanzal

% Time on Ice - Loups

Lines # - Real PCT - Wanted PCT - Time Play
Normal Forward
1 - 31% - 34% - 14:19
2 - 30% - 34% - 13:38
3 - 24% - 22% - 10:47
4 - 15% - 10% - 7:06
Normal Defense
1 - 40% - 40% - 18:14
2 - 32% - 30% - 14:51
3 - 22% - 20% - 10:02
4 - 6% - 10% - 2:43
PP Forward
1 - 58% - 60% - 4:40
2 - 42% - 40% - 3:19
PP Defense
1 - 55% - 60% - 4:24
2 - 45% - 40% - 3:35
PK Forward
1 - 88% - 60% - 4:47
2 - 13% - 40% - 0:41
PK Defense
1 - 63% - 60% - 3:26
2 - 37% - 40% - 2:02
PK3 Forward
1 - 0% - 60%
2 - 0% - 40%
PK3 Defense
1 - 0% - 60%
2 - 0% - 40%
44 Forward
1 - 52% - 50% - 1:04
2 - 48% - 50% - 0:58
44 Defense
1 - 73% - 60% - 1:29
2 - 27% - 40% - 0:33
Last Minute Offensive  - 0:00
Last Minute Defensive  - 0:00
Total
Forward - 61:19
Defense - 61:19

% Time on Ice - Manchots

Lines # - Real PCT - Wanted PCT - Time Play
Normal Forward
1 - 35% - 40% - 16:07
2 - 29% - 30% - 13:24
3 - 22% - 20% - 10:03
4 - 14% - 10% - 6:16
Normal Defense
1 - 37% - 40% - 16:46
2 - 31% - 30% - 14:04
3 - 25% - 20% - 11:41
4 - 7% - 10% - 3:19
PP Forward
1 - 62% - 60% - 3:24
2 - 38% - 40% - 2:04
PP Defense
1 - 65% - 60% - 3:34
2 - 35% - 40% - 1:54
PK Forward
1 - 77% - 60% - 5:05
2 - 23% - 40% - 1:29
PK Defense
1 - 60% - 60% - 3:55
2 - 40% - 40% - 2:39
PK3 Forward
1 - 80% - 60% - 1:08
2 - 20% - 40% - 0:17
PK3 Defense
1 - 72% - 60% - 1:01
2 - 28% - 40% - 0:24
44 Forward
1 - 89% - 60% - 1:49
2 - 11% - 40% - 0:13
44 Defense
1 - 65% - 60% - 1:19
2 - 35% - 40% - 0:43
Last Minute Offensive  - 0:00
Last Minute Defensive  - 0:00
Total
Forward - 61:19
Defense - 61:19

Play by Play

1st period


0:01 of 1st period - Martin Hanzal wins face-off versus Darroll Powe in neutral zone.
0:26 of 1st period - Hal Gill is hit by Jack Skille and loses puck.
0:53 of 1st period - Cal Clutterbuck is hit by Garnet Exelby and loses puck.
1:48 of 1st period - Slapshot by Joel Ward.
1:48 of 1st period - Stopped by Ondrej Pavelec with a rebound.
1:50 of 1st period - Backhand shot by Benn Ferriero.
1:50 of 1st period - Shot Blocked by Stanislav Neckar.
1:52 of 1st period - Wrist shot by Joel Ward.
1:52 of 1st period - Goal by Joel Ward - Loups : 1 - Manchots : 0.
1:53 of 1st period - Darroll Powe wins face-off versus Logan Couture in neutral zone.
2:00 of 1st period - Zbynek Michalek is hit by Petr Sykora and loses puck.
2:23 of 1st period - Ben Eager is hit by Sheldon Brookbank and loses puck.
2:48 of 1st period - Wrist shot by Alexander Radulov.
2:48 of 1st period - Shot Misses the Net.
2:50 of 1st period - Wrist shot by Martin Hanzal.
2:50 of 1st period - Stopped by Michael Leighton without a rebound.
2:51 of 1st period - Logan Couture wins face-off versus Darroll Powe in Loups zone.
2:58 of 1st period - Slapshot by Petr Sykora.
2:58 of 1st period - Deflect By Darroll Powe.
2:58 of 1st period - Shot Misses the Net.
2:58 of 1st period - Puck is out of play.
2:59 of 1st period - Nigel Dawes wins face-off versus Logan Couture in Loups zone.
3:47 of 1st period - Snap shot by Nigel Dawes.
3:47 of 1st period - Shot Misses the Net.
3:49 of 1st period - Wrist shot by Nigel Dawes.
3:49 of 1st period - Goal by Nigel Dawes - Loups : 2 - Manchots : 0.
3:50 of 1st period - Jamie Benn wins face-off versus Jack Skille in neutral zone.
3:52 of 1st period - Off-side.
3:53 of 1st period - Jarret Stoll wins face-off versus Martin Hanzal in neutral zone.
3:58 of 1st period - Slapshot by Troy Brouwer.
3:58 of 1st period - Shot Blocked by Alexander Radulov.
4:00 of 1st period - Slapshot by Sheldon Brookbank.
4:00 of 1st period - Deflect By Hal Gill.
4:00 of 1st period - Stopped by Ondrej Pavelec without a rebound.
4:01 of 1st period - Jack Skille wins face-off versus Martin Hanzal in Manchots zone.
4:06 of 1st period - Snap shot by Jarret Stoll.
4:06 of 1st period - Shot Misses the Net.
4:08 of 1st period - Wrist shot by Jarret Stoll.
4:08 of 1st period - Stopped by Ondrej Pavelec without a rebound.
4:09 of 1st period - Jarret Stoll wins face-off versus Martin Hanzal in Manchots zone.
4:12 of 1st period - Slapshot by Jack Skille.
4:12 of 1st period - Shot Misses the Net.
4:14 of 1st period - Slapshot by Sheldon Brookbank.
4:14 of 1st period - Stopped by Ondrej Pavelec with a rebound.
4:16 of 1st period - Snap shot by Sheldon Brookbank.
4:16 of 1st period - Shot Blocked by Bryan Allen.
5:45 of 1st period - Slapshot by Tyler Kennedy.
5:45 of 1st period - Stopped by Michael Leighton without a rebound.
5:46 of 1st period - Jarret Stoll wins face-off versus Bobby Butler in Loups zone.
5:57 of 1st period - Wrist shot by Petr Sykora.
5:57 of 1st period - Deflect By Logan Couture.
5:57 of 1st period - Stopped by Michael Leighton with a rebound.
6:11 of 1st period - Snap shot by Alexander Radulov.
6:11 of 1st period - Stopped by Michael Leighton with a rebound.
6:15 of 1st period - Wrist shot by Martin Hanzal.
6:15 of 1st period - Shot Misses the Net.
6:17 of 1st period - Snap shot by Alexander Radulov.
6:17 of 1st period - Goal by Alexander Radulov - Loups : 2 - Manchots : 1.
6:18 of 1st period - Martin Hanzal wins face-off versus Jarret Stoll in neutral zone.
6:21 of 1st period - Backhand shot by Martin Hanzal.
6:21 of 1st period - Deflect By Alexander Radulov.
6:21 of 1st period - Shot Blocked by Zbynek Michalek.
6:21 of 1st period - Puck is out of play.
6:22 of 1st period - Martin Hanzal wins face-off versus Jarret Stoll in Loups zone.
6:49 of 1st period - Slapshot by Zbynek Michalek.
6:49 of 1st period - Shot Misses the Net.
7:07 of 1st period - Snap shot by Petr Sykora.
7:07 of 1st period - Shot Misses the Net.
7:49 of 1st period - Snap shot by Jack Skille.
7:49 of 1st period - Stopped by Ondrej Pavelec without a rebound.
7:50 of 1st period - Martin Hanzal wins face-off versus Jarret Stoll in Manchots zone.
7:57 of 1st period - Jarret Stoll is hit by Pernell Karl Subban and loses puck.
8:06 of 1st period - Wrist shot by Troy Brouwer.
8:06 of 1st period - Stopped by Ondrej Pavelec with a rebound.
8:08 of 1st period - Slapshot by Scott Lehman.
8:08 of 1st period - Stopped by Ondrej Pavelec with a rebound.
8:10 of 1st period - Snap shot by Jarret Stoll.
8:10 of 1st period - Stopped by Ondrej Pavelec without a rebound.
8:11 of 1st period - Logan Couture wins face-off versus Darroll Powe in Manchots zone.
9:21 of 1st period - Wrist shot by Steve Kariya.
9:21 of 1st period - Shot Misses the Net.
9:29 of 1st period - Slapshot by Steve Kariya.
9:29 of 1st period - Stopped by Ondrej Pavelec without a rebound.
9:30 of 1st period - Darroll Powe wins face-off versus Logan Couture in Manchots zone.
10:18 of 1st period - Bryan Allen is hit by Troy Brouwer and loses puck.
10:59 of 1st period - Snap shot by Bobby Butler.
10:59 of 1st period - Shot Misses the Net.
11:01 of 1st period - Snap shot by Logan Couture.
11:01 of 1st period - Stopped by Michael Leighton without a rebound.
11:02 of 1st period - Logan Couture wins face-off versus Darroll Powe in Loups zone.
11:03 of 1st period - Slapshot by Petr Sykora.
11:03 of 1st period - Shot Blocked by Garnet Exelby.
11:52 of 1st period - Snap shot by Jack Skille.
11:52 of 1st period - Stopped by Ondrej Pavelec with a rebound.
11:58 of 1st period - Snap shot by Jack Skille.
11:58 of 1st period - Shot Blocked by Stanislav Neckar.
12:00 of 1st period - Slapshot by Zbynek Michalek.
12:00 of 1st period - Shot Blocked by Martin Hanzal.
12:52 of 1st period - Slapshot by Martin Hanzal.
12:52 of 1st period - Stopped by Michael Leighton with a rebound.
12:54 of 1st period - Backhand shot by Alexander Radulov.
12:54 of 1st period - Stopped by Michael Leighton without a rebound.
12:55 of 1st period - Martin Hanzal wins face-off versus Benn Ferriero in Loups zone.
13:02 of 1st period - Wrist shot by Martin Hanzal.
13:02 of 1st period - Deflect By Alexander Radulov.
13:02 of 1st period - Stopped by Michael Leighton without a rebound.
13:03 of 1st period - Jarret Stoll wins face-off versus Martin Hanzal in Loups zone.
13:03 of 1st period - Jarret Stoll is hit by Alexander Radulov.
13:19 of 1st period - Martin Hanzal is hit by Jarret Stoll.
13:29 of 1st period - Slapshot by Hal Gill.
13:29 of 1st period - Stopped by Michael Leighton without a rebound.
13:30 of 1st period - Darroll Powe wins face-off versus Logan Couture in Loups zone.
13:30 of 1st period - Darroll Powe is hit by Bobby Butler.
13:38 of 1st period - Snap shot by Darroll Powe.
13:38 of 1st period - Shot Misses the Net.
13:44 of 1st period - Wrist shot by Petr Sykora.
13:44 of 1st period - Stopped by Michael Leighton with a rebound.
13:46 of 1st period - Wrist shot by Kris Russell.
13:46 of 1st period - Stopped by Michael Leighton with a rebound.
14:04 of 1st period - Slapshot by Alexander Radulov.
14:04 of 1st period - Stopped by Michael Leighton with a rebound.
14:06 of 1st period - Wrist shot by Martin Hanzal.
14:06 of 1st period - Goal by Martin Hanzal - Loups : 2 - Manchots : 2.
14:07 of 1st period - Martin Hanzal wins face-off versus Jarret Stoll in neutral zone.
14:32 of 1st period - Nigel Dawes is hit by Hal Gill and loses puck.
15:00 of 1st period - Stanislav Neckar is hit by Aaron Rome and loses puck.
15:21 of 1st period - Mike Weaver is hit by Alexander Radulov and loses puck.
15:26 of 1st period - Snap shot by Martin Hanzal.
15:26 of 1st period - Shot Blocked by Jack Skille.
15:42 of 1st period - Wrist shot by Steve Kariya.
15:42 of 1st period - Stopped by Ondrej Pavelec without a rebound.
15:43 of 1st period - Logan Couture wins face-off versus Cody Almond in Manchots zone.
15:50 of 1st period - Slapshot by Petr Sykora.
15:50 of 1st period - Shot Misses the Net.
15:52 of 1st period - Slapshot by Pernell Karl Subban.
15:52 of 1st period - Shot Misses the Net.
16:08 of 1st period - Martin Hanzal is hit by Darroll Powe and loses puck.
16:27 of 1st period - Snap shot by Jack Skille.
16:27 of 1st period - Shot Hit the Post.
16:33 of 1st period - Jack Skille is hit by Cal Clutterbuck and loses puck.
17:05 of 1st period - Garnet Exelby is hit by Bobby Butler and loses puck.
17:08 of 1st period - Slapshot by Aaron Rome.
17:08 of 1st period - Shot Misses the Net.
17:12 of 1st period - Backhand shot by Eric Godard.
17:12 of 1st period - Shot Misses the Net.
17:14 of 1st period - Snap shot by Eric Godard.
17:14 of 1st period - Stopped by Ondrej Pavelec without a rebound.
17:15 of 1st period - Darroll Powe wins face-off versus Martin Hanzal in Manchots zone.
17:53 of 1st period - Jack Skille is hit by Pernell Karl Subban and loses puck.
18:08 of 1st period - Stanislav Neckar is hit by Zbynek Michalek and loses puck.
18:49 of 1st period - Snap shot by Steve Kariya.
18:49 of 1st period - Shot Blocked by Stanislav Neckar.

2nd period


0:01 of 2nd period - Darroll Powe wins face-off versus Martin Hanzal in neutral zone.
0:08 of 2nd period - Snap shot by Darroll Powe.
0:08 of 2nd period - Shot Misses the Net.
0:10 of 2nd period - Slapshot by Jakub Voracek.
0:10 of 2nd period - Shot Misses the Net.
0:12 of 2nd period - Wrist shot by Nigel Dawes.
0:12 of 2nd period - Stopped by Ondrej Pavelec without a rebound.
0:13 of 2nd period - Nigel Dawes wins face-off versus Martin Hanzal in Manchots zone.
0:18 of 2nd period - Wrist shot by Jakub Voracek.
0:18 of 2nd period - Shot Misses the Net.
0:40 of 2nd period - Bobby Butler is hit by Benn Ferriero and loses puck.
2:27 of 2nd period - Ben Eager is hit by Benn Ferriero and loses puck.
2:34 of 2nd period - Jesse Joensuu is hit by Tyler Kennedy and loses puck.
2:45 of 2nd period - Slapshot by Jesse Joensuu.
2:45 of 2nd period - Stopped by Ondrej Pavelec with a rebound.
2:54 of 2nd period - Off-side.
2:55 of 2nd period - Martin Hanzal wins face-off versus Darroll Powe in neutral zone.
3:04 of 2nd period - Snap shot by Alexander Radulov.
3:04 of 2nd period - Shot Misses the Net.
3:06 of 2nd period - Slapshot by Hal Gill.
3:06 of 2nd period - Stopped by Michael Leighton without a rebound.
3:07 of 2nd period - Martin Hanzal wins face-off versus Darroll Powe in Loups zone.
3:37 of 2nd period - Slapshot by Stanislav Neckar.
3:37 of 2nd period - Deflect By Bobby Butler.
3:37 of 2nd period - Stopped by Michael Leighton with a rebound.
3:52 of 2nd period - Off-side.
3:53 of 2nd period - Cody Almond wins face-off versus Andrew Murray in neutral zone.
3:53 of 2nd period - Minor Penalty to Eric Tangradi for Diving.
3:54 of 2nd period - Darroll Powe wins face-off versus Andrew Murray in Manchots zone.
3:59 of 2nd period - Snap shot by Jakub Voracek.
3:59 of 2nd period - Shot Hit the Post.
5:46 of 2nd period - Icing by Troy Brouwer.
5:47 of 2nd period - Andrew Murray wins face-off versus Jarret Stoll in Loups zone.
5:53 of 2nd period - Penalty to Eric Tangradi is over, Eric Tangradi is back on ice.
6:26 of 2nd period - Wrist shot by Martin Hanzal.
6:26 of 2nd period - Stopped by Michael Leighton with a rebound.
6:46 of 2nd period - Wrist shot by Petr Sykora.
6:46 of 2nd period - Stopped by Michael Leighton with a rebound.
6:48 of 2nd period - Wrist shot by Matt Corrente.
6:48 of 2nd period - Stopped by Michael Leighton with a rebound.
6:50 of 2nd period - Snap shot by Logan Couture.
6:50 of 2nd period - Stopped by Michael Leighton with a rebound.
6:52 of 2nd period - Slapshot by Matt Corrente.
6:52 of 2nd period - Shot Blocked by Darroll Powe.
6:53 of 2nd period - Minor Penalty to Mike Weaver for Tripping.
6:54 of 2nd period - Darroll Powe wins face-off versus Martin Hanzal in Loups zone.
7:36 of 2nd period - Wrist shot by Martin Hanzal.
7:36 of 2nd period - Shot Blocked by Aaron Rome.
7:38 of 2nd period - Slapshot by Pernell Karl Subban.
7:38 of 2nd period - Shot Blocked by Aaron Rome.
7:40 of 2nd period - Slapshot by Pernell Karl Subban.
7:40 of 2nd period - Shot Blocked by Eric Godard.
8:53 of 2nd period - Penalty to Mike Weaver is over, Mike Weaver is back on ice.
9:35 of 2nd period - Icing by Ben Eager.
9:36 of 2nd period - Tyler Kennedy wins face-off versus Cody Almond in Manchots zone.
10:16 of 2nd period - Snap shot by Cal Clutterbuck.
10:16 of 2nd period - Stopped by Michael Leighton with a rebound.
10:56 of 2nd period - Snap shot by Tyler Kennedy.
10:56 of 2nd period - Shot Blocked by Sheldon Brookbank.
10:58 of 2nd period - Slapshot by Kris Russell.
10:58 of 2nd period - Stopped by Michael Leighton without a rebound.
10:59 of 2nd period - Martin Hanzal wins face-off versus Jarret Stoll in Loups zone.
11:36 of 2nd period - Snap shot by Benn Ferriero.
11:36 of 2nd period - Shot Misses the Net.
12:08 of 2nd period - Snap shot by Andrew Murray.
12:08 of 2nd period - Stopped by Michael Leighton without a rebound.
12:09 of 2nd period - Darroll Powe wins face-off versus Andrew Murray in Loups zone.
12:09 of 2nd period - Darroll Powe is hit by Spencer Machacek.
12:17 of 2nd period - Snap shot by Andrew Murray.
12:17 of 2nd period - Shot Misses the Net.
12:19 of 2nd period - Snap shot by Eric Tangradi.
12:19 of 2nd period - Stopped by Michael Leighton without a rebound.
12:20 of 2nd period - Jarret Stoll wins face-off versus Martin Hanzal in Loups zone.
12:20 of 2nd period - Jarret Stoll is hit by Matt Corrente.
12:30 of 2nd period - Off-side.
12:31 of 2nd period - Jarret Stoll wins face-off versus Martin Hanzal in neutral zone.
12:33 of 2nd period - Off-side.
12:34 of 2nd period - Martin Hanzal wins face-off versus Jarret Stoll in neutral zone.
12:45 of 2nd period - Slapshot by Alexander Radulov.
12:45 of 2nd period - Shot Misses the Net.
13:22 of 2nd period - Off-side.
13:23 of 2nd period - Cody Almond wins face-off versus Tyler Kennedy in neutral zone.
14:20 of 2nd period - Snap shot by Joel Ward.
14:20 of 2nd period - Stopped by Ondrej Pavelec without a rebound.
14:21 of 2nd period - Logan Couture wins face-off versus Darroll Powe in Manchots zone.
14:21 of 2nd period - Logan Couture is hit by Nigel Dawes.
14:47 of 2nd period - Hal Gill is hit by Jarret Stoll and loses puck.
15:14 of 2nd period - Ben Eager is hit by Zbynek Michalek and loses puck.
15:49 of 2nd period - Kris Russell is hit by Nigel Dawes and loses puck.
15:54 of 2nd period - Snap shot by Darroll Powe.
15:54 of 2nd period - Stopped by Ondrej Pavelec without a rebound.
15:55 of 2nd period - Logan Couture wins face-off versus Jarret Stoll in Manchots zone.
15:58 of 2nd period - Wrist shot by Jarret Stoll.
15:58 of 2nd period - Shot Blocked by Pernell Karl Subban.
16:17 of 2nd period - Minor Penalty to Pernell Karl Subban for Hooking.
16:18 of 2nd period - Darroll Powe wins face-off versus Andrew Murray in Manchots zone.
16:23 of 2nd period - Snap shot by Jakub Voracek.
16:23 of 2nd period - Stopped by Ondrej Pavelec with a rebound.
16:25 of 2nd period - Slapshot by Zbynek Michalek.
16:25 of 2nd period - Shot Misses the Net.
16:27 of 2nd period - Slapshot by Zbynek Michalek.
16:27 of 2nd period - Shot Blocked by Andrew Murray.
16:29 of 2nd period - Snap shot by Darroll Powe.
16:29 of 2nd period - Goal by Darroll Powe - Loups : 3 - Manchots : 2.
16:30 of 2nd period - Darroll Powe wins face-off versus Martin Hanzal in neutral zone.
16:39 of 2nd period - Snap shot by Martin Hanzal.
16:39 of 2nd period - Shot Blocked by Sheldon Brookbank.
16:55 of 2nd period - Bobby Butler is hit by Zbynek Michalek and loses puck.
18:05 of 2nd period - Off-side.
18:06 of 2nd period - Tyler Kennedy wins face-off versus Darroll Powe in neutral zone.
18:11 of 2nd period - Wrist shot by Ben Eager.
18:11 of 2nd period - Stopped by Michael Leighton without a rebound.
18:12 of 2nd period - Jarret Stoll wins face-off versus Martin Hanzal in Loups zone.
18:43 of 2nd period - Icing by Nigel Dawes.
18:44 of 2nd period - Darroll Powe wins face-off versus Logan Couture in Loups zone.
19:18 of 2nd period - Wrist shot by Nigel Dawes.
19:18 of 2nd period - Shot Misses the Net.
19:20 of 2nd period - Snap shot by Jakub Voracek.
19:20 of 2nd period - Shot Blocked by Kris Russell.
19:36 of 2nd period - Snap shot by Logan Couture.
19:36 of 2nd period - Shot Blocked by Sheldon Brookbank.
19:42 of 2nd period - Darroll Powe is hit by Bobby Butler and loses puck.

3rd period


0:01 of 3rd period - Martin Hanzal wins face-off versus Jarret Stoll in neutral zone.
0:55 of 3rd period - Hal Gill is hit by Garnet Exelby.
1:11 of 3rd period - Bryan Allen is hit by Garnet Exelby and loses puck.
1:44 of 3rd period - Off-side.
1:45 of 3rd period - Darroll Powe wins face-off versus Logan Couture in neutral zone.
2:10 of 3rd period - Sheldon Brookbank is hit by Martin Hanzal and loses puck.
2:33 of 3rd period - Snap shot by Joel Ward.
2:33 of 3rd period - Deflect By Jesse Joensuu.
2:33 of 3rd period - Shot Misses the Net.
2:33 of 3rd period - Puck is out of play.
2:34 of 3rd period - Benn Ferriero wins face-off versus Logan Couture in Manchots zone.
2:41 of 3rd period - Slapshot by Hal Gill.
2:41 of 3rd period - Stopped by Michael Leighton with a rebound.
2:42 of 3rd period - Minor Penalty to Logan Couture for Interference.
2:43 of 3rd period - Ben Eager wins face-off versus Darroll Powe in Manchots zone.
2:43 of 3rd period - Ben Eager is hit by Darroll Powe.
3:16 of 3rd period - Minor Penalty to Matt Corrente for Interference.
3:17 of 3rd period - Nigel Dawes wins face-off versus Andrew Murray in Manchots zone.
4:03 of 3rd period - Snap shot by Petr Sykora.
4:03 of 3rd period - Stopped by Michael Leighton with a rebound.
4:17 of 3rd period - Troy Brouwer is hit by Hal Gill and loses puck.
4:42 of 3rd period - Penalty to Logan Couture is over, Logan Couture is back on ice.
4:52 of 3rd period - Wrist shot by Cal Clutterbuck.
4:52 of 3rd period - Stopped by Michael Leighton without a rebound.
4:53 of 3rd period - Andrew Murray wins face-off versus Jarret Stoll in Loups zone.
5:02 of 3rd period - Hal Gill is hit by Jarret Stoll and loses puck.
5:16 of 3rd period - Penalty to Matt Corrente is over, Matt Corrente is back on ice.
5:23 of 3rd period - Slapshot by Stanislav Neckar.
5:23 of 3rd period - Stopped by Michael Leighton without a rebound.
5:24 of 3rd period - Benn Ferriero wins face-off versus Alexander Radulov in Loups zone.
5:36 of 3rd period - Wrist shot by Alexander Radulov.
5:36 of 3rd period - Shot Misses the Net.
5:38 of 3rd period - Wrist shot by Alexander Radulov.
5:38 of 3rd period - Goal by Alexander Radulov - Loups : 3 - Manchots : 3.
5:39 of 3rd period - Jarret Stoll wins face-off versus Martin Hanzal in neutral zone.
5:46 of 3rd period - Slapshot by Alexander Radulov.
5:46 of 3rd period - Stopped by Michael Leighton with a rebound.
5:48 of 3rd period - Snap shot by Jamie Benn.
5:48 of 3rd period - Shot Blocked by Sheldon Brookbank.
6:08 of 3rd period - Snap shot by Sheldon Brookbank.
6:08 of 3rd period - Shot Misses the Net.
6:52 of 3rd period - Minor Penalty to Eric Tangradi for Roughing.
6:53 of 3rd period - Darroll Powe wins face-off versus Andrew Murray in Manchots zone.
6:56 of 3rd period - Snap shot by Jakub Voracek.
6:56 of 3rd period - Shot Misses the Net.
7:30 of 3rd period - Icing by Jakub Voracek.
7:31 of 3rd period - Darroll Powe wins face-off versus Andrew Murray in Loups zone.
7:31 of 3rd period - Darroll Powe is hit by Ben Eager.
7:58 of 3rd period - Wrist shot by Jakub Voracek.
7:58 of 3rd period - Stopped by Ondrej Pavelec without a rebound.
7:59 of 3rd period - Andrew Murray wins face-off versus Jarret Stoll in Manchots zone.
8:52 of 3rd period - Penalty to Eric Tangradi is over, Eric Tangradi is back on ice.
8:57 of 3rd period - Bryan Allen is hit by Mike Weaver and loses puck.
9:14 of 3rd period - Snap shot by Bobby Butler.
9:14 of 3rd period - Stopped by Michael Leighton with a rebound.
9:51 of 3rd period - Icing by Garnet Exelby.
9:52 of 3rd period - Tyler Kennedy wins face-off versus Troy Brouwer in Loups zone.
9:59 of 3rd period - Wrist shot by Tyler Kennedy.
9:59 of 3rd period - Shot Blocked by Aaron Rome.
10:40 of 3rd period - Scott Lehman is hit by Martin Hanzal and loses puck.
10:58 of 3rd period - Off-side.
10:59 of 3rd period - Jarret Stoll wins face-off versus Spencer Machacek in neutral zone.
11:06 of 3rd period - Wrist shot by Troy Brouwer.
11:06 of 3rd period - Stopped by Ondrej Pavelec with a rebound.
11:24 of 3rd period - Slapshot by Joel Ward.
11:24 of 3rd period - Shot Misses the Net.
11:26 of 3rd period - Slapshot by Garnet Exelby.
11:26 of 3rd period - Stopped by Ondrej Pavelec without a rebound.
11:27 of 3rd period - Benn Ferriero wins face-off versus Martin Hanzal in Manchots zone.
11:28 of 3rd period - Wrist shot by Joel Ward.
11:28 of 3rd period - Shot Misses the Net.
11:30 of 3rd period - Slapshot by Jesse Joensuu.
11:30 of 3rd period - Shot Misses the Net.
11:32 of 3rd period - Slapshot by Jesse Joensuu.
11:32 of 3rd period - Shot Blocked by Matt Corrente.
11:34 of 3rd period - Snap shot by Joel Ward.
11:34 of 3rd period - Stopped by Ondrej Pavelec without a rebound.
11:35 of 3rd period - Martin Hanzal wins face-off versus Troy Brouwer in Manchots zone.
11:40 of 3rd period - Jarret Stoll is hit by Jamie Benn and loses puck.
11:48 of 3rd period - Minor Penalty to Sheldon Brookbank for Roughing.
11:49 of 3rd period - Darroll Powe wins face-off versus Martin Hanzal in Loups zone.
11:58 of 3rd period - Snap shot by Alexander Radulov.
11:58 of 3rd period - Shot Misses the Net.
12:00 of 3rd period - Wrist shot by Martin Hanzal.
12:00 of 3rd period - Shot Blocked by Nigel Dawes.
12:02 of 3rd period - Snap shot by Alexander Radulov.
12:02 of 3rd period - Goal by Alexander Radulov - Loups : 3 - Manchots : 4.
12:03 of 3rd period - Martin Hanzal wins face-off versus Jarret Stoll in neutral zone.
12:47 of 3rd period - Garnet Exelby is hit by Pernell Karl Subban and loses puck.
12:51 of 3rd period - Minor Penalty to Benn Ferriero for Hooking.
12:52 of 3rd period - Darroll Powe wins face-off versus Alexander Radulov in Loups zone.
13:07 of 3rd period - Snap shot by Alexander Radulov.
13:07 of 3rd period - Stopped by Michael Leighton without a rebound.
13:08 of 3rd period - Darroll Powe wins face-off versus Martin Hanzal in Loups zone.
13:30 of 3rd period - Off-side.
13:31 of 3rd period - Darroll Powe wins face-off versus Tyler Kennedy in neutral zone.
14:07 of 3rd period - Minor Penalty to Pernell Karl Subban for Hooking.
14:08 of 3rd period - Jarret Stoll wins face-off versus Martin Hanzal in Manchots zone.
14:14 of 3rd period - Wrist shot by Jarret Stoll.
14:14 of 3rd period - Stopped by Ondrej Pavelec with a rebound.
14:16 of 3rd period - Snap shot by Jarret Stoll.
14:16 of 3rd period - Goal by Jarret Stoll - Loups : 4 - Manchots : 4.
14:17 of 3rd period - Martin Hanzal wins face-off versus Darroll Powe in neutral zone.
14:22 of 3rd period - Slapshot by Martin Hanzal.
14:22 of 3rd period - Stopped by Michael Leighton with a rebound.
14:51 of 3rd period - Penalty to Benn Ferriero is over, Benn Ferriero is back on ice.
14:52 of 3rd period - Slapshot by Sheldon Brookbank.
14:52 of 3rd period - Shot Blocked by Stanislav Neckar.
14:54 of 3rd period - Slapshot by Zbynek Michalek.
14:54 of 3rd period - Deflect By Jack Skille.
14:54 of 3rd period - Shot Misses the Net.
14:54 of 3rd period - Puck is out of play.
14:55 of 3rd period - Darroll Powe wins face-off versus Martin Hanzal in Manchots zone.
16:07 of 3rd period - Penalty to Pernell Karl Subban is over, Pernell Karl Subban is back on ice.
17:43 of 3rd period - Off-side.
17:44 of 3rd period - Nigel Dawes wins face-off versus Tyler Kennedy in neutral zone.
17:47 of 3rd period - Bryan Allen is hit by Nigel Dawes and loses puck.
17:49 of 3rd period - Minor Penalty to Nigel Dawes for Interference.
17:50 of 3rd period - Darroll Powe wins face-off versus Martin Hanzal in Loups zone.
18:15 of 3rd period - Steve Kariya is hit by Bobby Butler.
18:21 of 3rd period - Snap shot by Tyler Kennedy.
18:21 of 3rd period - Shot Misses the Net.
19:44 of 3rd period - Aaron Rome is hit by Petr Sykora and loses puck.
19:49 of 3rd period - Penalty to Nigel Dawes is over, Nigel Dawes is back on ice.

Overtime #1


0:01 of 1st overtime period - Darroll Powe wins face-off versus Martin Hanzal in neutral zone.
0:08 of 1st overtime period - Slapshot by Nigel Dawes.
0:08 of 1st overtime period - Shot Misses the Net.
0:10 of 1st overtime period - Slapshot by Zbynek Michalek.
0:10 of 1st overtime period - Stopped by Ondrej Pavelec with a rebound.
1:19 of 1st overtime period - Snap shot by Cal Clutterbuck.
1:19 of 1st overtime period - Goal by Cal Clutterbuck - Loups : 4 - Manchots : 5.


Output by the SimonT Hockey Simulator (STHS) for François Prévost -- Original Page W3C XHTML 1.0 Valid
Hockey Simulator - Hockey Simulation - Hockey Manager